[Event "1000 GM Labor Day Super Swiss 2024"]
[Site "San Jose"]
[Date "2024.09.04"]
[Round "9.11"]
[White "Garduno Huerta, Joshua Emiliano"]
[Black "Alfaro, William"]
[Result "0-1"]
[Annotator "NA RC"]
[ECO "A58"]
[WhiteElo "2056"]
[BlackElo "2137"]
[PlyCount "114"]
[EventDate "2024.08.30"]
[EventType "swiss"]
[EventCountry "USA"]
[SourceTitle "playchess.com"]
[Source "ChessBase"]
[SourceQuality "1"]
[TimeControl "5400+30"]

1. d4 Nf6 2. c4 c5 3. d5 b5 4. cxb5 a6 5. bxa6 g6 6. Nc3 Bg7 7. Nf3 O-O 8. g3 d6 9. Bg2 Nbd7 {[%emt 0:00:00] A58: Benko/Volga Gambit: Lines with 5 bxa6.} 10. Rb1 Nb6 11. b3 Bf5 12. Bb2 Bxb1 13. Qxb1 Nfxd5 ({Much less strong is} 13... Rxa6 14. e4 $17) 14. Nxd5 Nxd5 15. Bxg7 Kxg7 16. Nd2 {[%emt 0:00:07] [#]} e6 $1 ({Wrong is} 16... Nc3 $2 17. Qa1 $18) 17. Qd3 Qa5 18. Bxd5 exd5 19. O-O d4 ({Much less strong is} 19... Qxa2 20. Qxd5 Rxa6 (20... Qxa6 21. Nc4 $17) 21. Qd3 $17) 20. a4 Qxa6 ({Don't play} 20... Rxa6 21. e3 $19) 21. Qf3 Rfe8 22. Nc4 Rad8 23. Re1 d5 24. Nb2 c4 25. Rd1 {[%emt 0:03:25] [#]} d3 $1 26. bxc4 dxc4 27. exd3 c3 28. Nc4 Qxa4 29. Rc1 Qb3 30. Qd1 {[%emt 0:00:00] [#]} c2 31. Qxc2 {[%emt 0:00:00] [#]} Re1+ $3 32. Kg2 Qb7+ 33. Kh3 Qd7+ 34. Kg2 Qd5+ (34... Qxd3 $2 {perishes. too greedy.} 35. Qxd3 Rxd3 36. Rxe1 $18) 35. Kh3 Qf5+ (35... Qxd3 $2 {perishes.} 36. Qxd3 Rxd3 37. Rxe1 $18) 36. Kg2 Rxc1 37. Qxc1 Rxd3 38. Ne3 Qe4+ 39. Kg1 $19 (39. Kh3 {was the only defense.}) 39... Qd4 40. Kg2 Rd2 41. Kg1 h5 42. h4 Ra2 43. Qc6 Qf6 44. Qg2 Qa1+ 45. Nf1 Qe1 46. Qf3 Rc2 47. Qf4 Rc1 48. Qd4+ Kh7 49. Qd3 Rd1 50. Qc4 Kg7 51. Kg2 Kg8 52. Qc8+ Kg7 53. Qc4 Kg8 54. Qc8+ Kh7 55. Qc4 Kg7 56. Kg1 Qe5 57. Kh2 Rd4 0-1

[Event "1000 GM Labor Day Super Swiss 2024"]
[Site "San Jose"]
[Date "2024.09.04"]
[Round "9.12"]
[White "Gui, Suyuan"]
[Black "Chinni, Rishabh"]
[Result "1/2-1/2"]
[Annotator "TA"]
[ECO "C26"]
[WhiteElo "2033"]
[BlackElo "2220"]
[PlyCount "152"]
[EventDate "2024.08.30"]
[EventType "swiss"]
[EventCountry "USA"]
[SourceTitle "playchess.com"]
[Source "ChessBase"]
[SourceQuality "1"]
[TimeControl "5400+30"]

1. e4 e5 2. Nf3 Nc6 3. Nc3 Nf6 4. g3 Bc5 5. Bg2 O-O 6. O-O a6 7. d3 h6 8. h3 d6 9. Kh2 {[%emt 0:00:09] C26: Vienna Game: 2...Nf6, sidelines .} Ne7 10. d4 exd4 11. Nxd4 Ng6 12. b3 $146 ({Predecessor:} 12. f4 Re8 13. a3 Qd7 14. Qd3 Rb8 15. b3 b5 16. Bb2 Bb7 17. Rae1 Re7 18. Nf5 {1-0 Schweizer,S (2140)-Wellbourne Wood,J (1595) Basel Carnival op 2024 (1)}) 12... Re8 13. Bb2 Bb4 14. Nd5 Nxd5 15. exd5 Qf6 16. Rb1 Qe7 17. c3 Bc5 18. Qd2 Bd7 19. c4 Qg5 20. f4 Qh5 21. Rbe1 a5 22. a3 Bb6 23. Qc3 f6 24. Ne6 Bxe6 25. dxe6 Ne7 26. f5 Rad8 27. Rf4 Rf8 28. Bf3 Qe8 29. g4 c6 30. Rfe4 d5 31. cxd5 cxd5 32. R4e2 Rc8 33. Qd3 Qc6 34. Kg2 (34. Kh1 $16) 34... Qd6 $11 35. Kh1 Qg3 36. Rf1 {[%emt 0:01:06] [#]} (36. Be4 $11 Qh4 37. Bg2 (37. Bxd5 $2 {is the wrong capture.} Rfd8 $19)) 36... Qxh3+ ({Black should try} 36... Bc7 $1 $17 {White must now prevent ...h5.} 37. Bd4 Qxh3+ 38. Kg1 Bd6) 37. Rh2 $11 Qg3 38. Be2 Bc7 39. Qxg3 Bxg3 40. Rg2 $1 Bd6 41. Bf3 Rfd8 42. Rd1 Bf4 43. a4 Rc6 44. Ba3 Bd6 $1 45. Bxd6 Rdxd6 46. Rgd2 Rc5 47. Kg2 (47. Rd4 $11) 47... g6 48. Be4 h5 49. gxh5 gxf5 50. Bf3 Kh7 (50... Rxe6 51. Bxd5 Nxd5 52. Rxd5 $11) 51. Rd3 b5 52. Rd4 (52. axb5 $142 Rxb5 53. Re1) 52... b4 $17 ({Resist} 52... Rxe6 53. Bxd5 Re2+ 54. Kg3 $15) 53. Kf2 Kh6 54. R1d2 Rxe6 55. Bxd5 Nxd5 56. Rxd5 Re5 57. Rd6 $2 (57. Rxc5 {was necessary.} Rxc5 58. Kf3) 57... Kxh5 (57... Rc3 $142 58. Rxf6+ Kxh5) 58. R2d3 $2 (58. Kf3 {was the crucial defense.}) 58... Kg4 $2 ({Black should play} 58... Rc2+ $19 59. Rd2 Rxd2+ 60. Rxd2 f4) 59. Rxf6 $2 (59. Rg3+ $1 $11 {and White has nothing to worry.} Kf4 60. Rf3+ Kg4 61. Rg3+ Kh5 (61... Kf4 62. Rf3+ Kg5 63. Rg3+ Kf4 $11) 62. Rg8) 59... Rc2+ $19 60. Kf1 Rc1+ 61. Kf2 Rc2+ 62. Kf1 Rc1+ 63. Kf2 Rce1 $2 (63... Rcc5 $19 64. Rd4+ Kg5) 64. Rd4+ $2 (64. Rg3+ $1 $11 {and White stays safe.} Kf4 65. Rf3+ Ke4 66. R6xf5 Rxf5 67. Rxf5) 64... Kg5 $19 65. Rf8 R1e2+ 66. Kf1 Re1+ $2 (66... R2e4 67. Rd2 Re1+ 68. Kf2 Rb1) 67. Kf2 $19 R1e2+ 68. Kf1 {[%emt 0:00:04] [#]} R2e3 $2 (68... R2e4 $1 $19 69. Rd2 Re1+ 70. Kf2 Rb1) 69. Rg8+ $15 Kf6 70. Rd6+ Ke7 (70... Re6 $1 $15 71. Rxe6+ Rxe6) 71. Ra6 $11 Rxb3 72. Rg7+ Kf8 73. Rb7 Rf3+ 74. Kg2 Rf4 75. Ra8+ Re8 76. Rxa5 Rc8 1/2-1/2

[Event "1000 GM Labor Day Super Swiss 2024"]
[Site "San Jose"]
[Date "2024.09.04"]
[Round "9.13"]
[White "Champsi, Imran"]
[Black "Harish, Neeraj"]
[Result "1/2-1/2"]
[Annotator "NA RC"]
[ECO "B45"]
[WhiteElo "2012"]
[BlackElo "2118"]
[PlyCount "89"]
[EventDate "2024.08.30"]
[EventType "swiss"]
[EventCountry "USA"]
[SourceTitle "playchess.com"]
[Source "ChessBase"]
[SourceQuality "1"]
[TimeControl "5400+30"]

1. e4 c5 2. Nf3 Nc6 3. d4 cxd4 4. Nxd4 Nf6 5. Nc3 e6 6. Ndb5 Bc5 7. Nd6+ {[%emt 0:01:53] B45: Sicilian Four Knights.} Ke7 8. Nxc8+ Rxc8 9. Bd3 Re8 10. O-O a6 11. h3 Kf8 12. a3 Kg8 13. Kh1 b5 14. Bg5 h6 15. Bh4 Be7 16. f4 d5 17. exd5 (17. Bxf6 {is superior.} Bxf6 18. e5) 17... Nxd5 18. Bxe7 Ncxe7 19. Nxd5 Nxd5 20. Qf3 Qf6 21. f5 Rcd8 22. fxe6 Qxf3 23. Rxf3 Rxe6 24. Rd1 Red6 25. Kg1 Nb6 26. b3 g6 27. Rdf1 R8d7 28. Re1 Kg7 29. Re8 Rc7 30. Kf2 Nd7 $11 31. Re7 Rf6 32. c4 Rxf3+ 33. gxf3 Kf6 34. Re3 Ne5 35. cxb5 Nxd3+ 36. Rxd3 axb5 37. Rd6+ Ke5 38. Rb6 Rc5 39. a4 bxa4 40. bxa4 Rc2+ 41. Kg3 Ra2 42. Rb5+ Kf6 43. Ra5 g5 44. Ra6+ Kf5 45. Rxh6 1/2-1/2

[Event "1000 GM Labor Day Super Swiss 2024"]
[Site "San Jose"]
[Date "2024.09.04"]
[Round "9.14"]
[White "Ubaldo Suarez, Maria Gisela"]
[Black "Gonzalez Zharikov, Andrey"]
[Result "1/2-1/2"]
[Annotator "TA"]
[ECO "A46"]
[WhiteElo "1958"]
[BlackElo "2070"]
[PlyCount "157"]
[EventDate "2024.08.30"]
[EventType "swiss"]
[EventCountry "USA"]
[SourceTitle "playchess.com"]
[Source "ChessBase"]
[SourceQuality "1"]
[TimeControl "5400+30"]

1. d4 Nf6 2. Nf3 e6 3. e3 c5 4. Bd3 Nc6 5. c3 Be7 6. O-O O-O 7. e4 d6 8. e5 {[%emt 0:05:44] White has an edge.} dxe5 9. dxe5 Nd5 (9... Nd7 $1 $11) 10. Qe2 $16 Rb8 11. a4 b6 12. Qe4 g6 13. Bh6 Re8 14. Rd1 Qc7 (14... Bf8 $14 15. Bxf8 Rxf8) 15. Na3 a6 {[%emt 0:00:16] Prevents Nb5} 16. Re1 Rd8 17. Rad1 Rd7 (17... Bb7 $142) 18. h4 {[%emt 0:01:57][%cal Bh2h4,Bh4h5][%mdl 32] White has more active pieces.} Qd8 {[%emt 0:02:29] [#]} (18... Bb7 $16 {was called for.} 19. Bc2 Nd4 20. cxd4 Nc3) 19. h5 $1 $18 Nc7 20. Qxc6 (20. Bc2 $18) 20... Nd5 (20... Bb7 $11 {keeps the balance.} 21. Qxd7 (21. Qxb6 $2 Bxf3 $19) 21... Qxd7) 21. hxg6 hxg6 {[%emt 0:00:34] [#]} 22. Bb5 axb5 $11 23. Qxb5 (23. Nxb5 $2 Bb7 $19) 23... Nxc3 24. Rxd7 Bxd7 25. Qd3 Nd5 26. b3 Nb4 27. Qe2 Bc6 28. Nc4 Nd5 29. Nfd2 (29. Qd2 $11) 29... Kh7 30. Be3 b5 31. axb5 Rxb5 32. Qg4 (32. Qf3 $11 Kg7 33. Nd6 Bxd6 34. exd6) 32... Nc3 $2 (32... Kg7 $15) 33. Bf4 $2 ({Only move:} 33. Nd6 $1 $16 Bxd6 34. exd6) 33... Qd4 $2 (33... Kg8 $11) 34. Nd6 $2 (34. Nf3 $1 $18 Bxf3 35. Qxf3) 34... Rb4 $15 35. N6c4 $1 Nd5 36. Qh3+ (36. Ne4 $1 $11 Rxb3 37. Bg5 Bxg5 (37... Qxc4 $2 {too greedy.} 38. Qh4+ Kg8 39. Bxe7 $18) 38. Rd1) 36... Kg8 37. Bh6 Nf4 (37... g5 $17 {aiming for ...Nf4.} 38. Qg3 Qf4) 38. Bxf4 Qxf4 39. Qd3 ({White should try} 39. Ra1 $15) 39... Kg7 $17 40. Ne4 Rb8 41. Ned6 (41. Qf3 $17 Qxf3 42. gxf3) 41... Rh8 $19 42. Qg3 Qh6 $40 {[%emt 0:01:27][%csl Gh8][%cal Rh6h1][%mdl 128] Black is out for blood.} 43. Kf1 Ra8 ({Black should play} 43... Bg5 44. Ke2 Ra8) 44. Qh3 $17 (44. Kg1 Bh4 45. Qg4 Ra2) 44... Qxh3 (44... Qf4 {seems wilder.} 45. Qe3 Qh4 46. Qh3 Qxh3 47. gxh3 Bf3) 45. gxh3 Bg5 (45... Bd8 $17) 46. Ne3 (46. Ne4 $1 $15 Bf4 47. Nxc5) 46... Bf3 47. Ndc4 Rh8 48. Nd2 Bc6 (48... Rxh3 49. Nxf3 Rxf3 50. Ke2) (48... Bb7 $1 $19 49. Ra1 Rxh3) 49. Ke2 (49. Rc1 $17) 49... Rxh3 $19 50. Kd3 Rh2 51. f3 (51. Kc4) 51... Rh3 52. Rf1 Bb5+ {[%emt 0:00:10] A strong pair of Bishops.} 53. Nec4 Rh4 54. Ne4 Be7 (54... Bf4 $19 55. Nxc5 Bxe5) 55. Ra1 $1 $15 Rh8 56. Ra7 Rd8+ 57. Kc3 Rd7 58. Rxd7 Bxd7 $11 {[%emt 0:00:00][%mdl 4096] Endgame. KBB-KNN} 59. Ncd6 (59. Na5 $1 $11) 59... Bc6 $15 60. Kc4 (60. Kd3 $15) 60... Bd5+ (60... g5 $1 $17 {White must now prevent ...Kg6.} 61. Kd3 Bxe4+ 62. Nxe4 Kg6) 61. Kxc5 Bxb3 62. Kd4 {[%emt 0:00:31] [#]} (62. f4 $15) 62... Bd5 (62... g5 $1 $17 {...Kg6 would now be deadly.} 63. Ke3 Kg6) 63. Ke3 Kf8 (63... g5 $17 64. Nc3 Ba8) 64. Ke2 Bd8 65. Nc5 {[%emt 0:01:02] [#]} (65. f4 $15) 65... Bg5 (65... g5 $1 $19 66. Nc8 Kg7) 66. Nd3 Bc6 ({Better is} 66... Be7 {Hoping for ...Bxd6.} 67. Nc5 Bg5) 67. f4 Bd8 68. Nc5 Bb6 (68... g5 $17 69. fxg5 Bxg5) 69. Nce4 Bxe4 70. Nxe4 {[%emt 0:00:03] KB-KN} Bd8 71. Kf3 Be7 72. Kg4 Kg7 73. Ng5 Bxg5 (73... Kg8 $15) 74. fxg5 {[%emt 0:01:48] K3P-KPP. The position is equal.} Kf8 75. Kf4 Ke7 76. Ke4 Kd7 {[%emt 0:00:00] ( -> ...Kc6)} 77. Kd4 Kd8 (77... Kc6 $5 78. Kc4 $8 Kb6 $11) 78. Kc5 Kc7 79. Kb5 $1 {[%emt 0:00:09] Both players deserved the win here.   Weighted Error Value: White=0.34/Black=0.35.  Loses game:     	---       	Black=1      Missed win:     	White=2     	---        Mistake:       	White=14    	Black=18     Inaccurate:     	White=4     	Black=5      OK:         	White=17    	Black=15     Best:        	White=8     	Black=2      Strong:       	White=3     	---        Brilliant:      	White=1     	---} 1/2-1/2